 Dungeon Crawl Stone Soup version 0.32-a0-433-g08bcfe7efd (console) character file.

Game seed: 4505161742095171489

30 zenocrate the Sneak (level 3, 0/29 HPs)
             Began as a Demonspawn Delver on Feb 22, 2024.
             Slain by a goblin
             ... wielding a +0 club
             ... led by Robin
              (4 damage)
             ... on level 3 of the Dungeon.
             The game lasted 00:01:24 (507 turns).

zenocrate the Sneak (Demonspawn Delver)              Turns: 507, Time: 00:01:24

Health: 0/29       AC:  5    Str: 14    XL:     3   Next: 3%
Magic:  3/3        EV: 11    Int: 10    God:
Gold:   55         SH:  0    Dex: 14    Spells: 2/2 levels left

rFire   . .          .
                       - Unarmed
rCold   . . .        (no shield)
rNeg    . . .        a - +0 leather armour
rPois   .            (no helmet)
rElec   .            (no cloak)
rCorr   .            (no gloves)
SInv    .            (no boots)
Will    .....        (no amulet)
Stlth   ++           (no ring)
HPRegen 0.24/turn    (no ring)
MPRegen 0.08/turn

%: no passive effects
@: wreathed by umbra
A: yellow scales 1, foul shadow 1
a: no special abilities


You were on level 3 of the Dungeon.
You visited 1 branch of the dungeon, and saw 4 of its levels.

You collected 55 gold pieces.

Inventory:

Armour
 a - a +0 leather armour (worn)
Wands
 f - a wand of digging (3)
Scrolls
 b - a scroll of fog
 c - a scroll of revelation
 g - 2 scrolls of immolation {unknown}
 h - a scroll of enchant armour {unknown}
 j - a scroll of identify {unknown}
Potions
 e - a potion of haste
 i - a potion of curing {unknown}


   Skills:
 - Level 3.0 Fighting
 - Level 1.7 Dodging
 - Level 4.5 Stealth
 + Level 3.2 Unarmed Combat


You had 2 spell levels left.
You didn't know any spells.
Your spell library was empty.

Dungeon Overview and Level Annotations

Branches:
Dungeon (5/15)
 Temple: D:4-7

Altars:

Annotations:
D:2 Robin


Innate Abilities, Weirdness & Mutations

You are partially covered in yellow scales. (AC +2)
You are faintly shadowed, very rarely releasing foul flame when damaged in melee.


Message History

Yellow scales grow over part of your body.
Unknown command.
You closely miss the goblin. The goblin hits you but does no damage.
Unknown command.
You hit the goblin.
The goblin is severely wounded.
The goblin barely misses you.
Unknown command.
You closely miss the goblin.
The goblin is severely wounded.
The goblin closely misses you.
Unknown command.
You hit the goblin but do no damage.
The goblin is severely wounded.
Unknown command.
You closely miss the goblin.
The goblin is severely wounded.
The goblin closely misses you.
You closely miss the goblin.
The goblin is severely wounded.
The goblin hits you with a +0 club.
* * * LOW HITPOINT WARNING * * *
You barely miss the goblin.
The goblin is severely wounded.
The goblin hits you with a +0 club.
* * * LOW HITPOINT WARNING * * *
Unknown command.
You barely miss the goblin.
The goblin is severely wounded.
The goblin barely misses you.
Unknown command.
You barely miss the goblin.
The goblin is severely wounded.
The goblin barely misses you.
Unknown command.
You hit the goblin.
You kill the goblin!
Unknown command.
You barely miss the goblin. The goblin hits you with a +0 club.
You die...

#..###.#
##...#
#...########
#..†........
#.##.######
#.#...#
#.#.#.#
#..)..#
#.#<)>#
#.#g#g#
#...#@#
#####.#
#.....#
......###
(.$..$ #....
###.. ##


You could see a goblin.

Vanquished Creatures
  An adder (D:3)
  A ribbon worm (D:3)
  A dart slug (D:3)
  An orc (D:5)
  An endoplasm (D:3)
  6 goblins (D:3)
  2 hobgoblins (D:3)
  A rat (D:3)
14 creatures vanquished.

Notes
Turn   | Place    | Note
-------+----------+-------------------------------------------
     0 | D:5      | zenocrate the Demonspawn Delver began the quest for the
                  | Orb.
     0 | D:5      | Reached XP level 1. HP: 18/18 MP: 1/1
   100 | D:4      | Noticed an iguana
   152 | D:3      | Gained mutation: You are faintly shadowed, very rarely
                  | releasing foul flame when damaged in melee. [demonic
                  | ancestry]
   152 | D:3      | Reached XP level 2. HP: 19/24 MP: 2/2
   407 | D:2      | Noticed Robin
   497 | D:3      | Gained mutation: You are partially covered in yellow
                  | scales. (AC +2) [demonic ancestry]
   497 | D:3      | Reached XP level 3. HP: 7/29 MP: 3/3
   507 | D:3      | Slain by a goblin

Illustrated notes

Levels and vault maps discovered:
D:2:      layout_rooms, basic_altar, minmay_ruptured, uniq_robin
D:3:      layout_basic, minmay_overflow_temple_star_quad, grunt_ministairs_9,
          nicolae_goblin_pals
D:4:      layout_cave_pools, serial_glass, glass_columns_a, glass_columns_a
D:5:      layout_loops_ring, temple_statues, uniq_duvessa, uniq_eustachio

Skill      XL: |  1  2 |
---------------+-------+-----
Unarmed Combat | 2 3 |  3.2
Fighting       | |  3.0
Dodging        | |  1.7
Stealth        | |  4.5

Action                     || total
---------------------------++-------
  Melee: Unarmed           ||    88
         Punch             ||     3
    Use: Scroll            ||     1
   Stab: Sleeping          ||     1
 Armour: Leather armour    ||    53
  Dodge: Dodged            ||    50

Table legend: (Time is in decaauts)
 A = Elapsed time spent in this place.
 B = Non-inter-level travel time spent in this place.
 C = Inter-level travel time spent in this place.
 D = Time resting spent in this place.
 E = Time spent auto-exploring this place.
 F = Levels seen in this place.
 G = Mean time per level.
                   A        B        C        D        E       F      G
               +--------+--------+--------+--------+--------+-----+--------+
         Total |    503 |    484 |     19 |     45 |    251 |   4 |  125.8 |
       Dungeon |    503 |    484 |     19 |     45 |    251 |   4 |  125.8 |
               +--------+--------+--------+--------+--------+-----+--------+

Top non-repeatable levels by time:
     D:3: 379 daAuts
     D:5: 99 daAuts
     D:2: 14 daAuts
     D:4: 9 daAuts
